 Dungeon Crawl Stone Soup version 0.23-a0-299-g9a66eeb (webtiles) character file.

22 mhoghedin the Ducker (level 2, 0/14 HPs)
             Began as a Felid Monk on Oct 6, 2018.
             Slain by a jackal (2 damage)
             ... on level 1 of the Dungeon.
             The game lasted 00:00:51 (496 turns).

mhoghedin the Ducker (Felid Monk)                    Turns: 496, Time: 00:00:51

Health: 0/14       AC:  1    Str:  7    XL:     2   Next: 68%
Magic:  3/3        EV: 20    Int: 11    God:
Gold:   32         SH:  0    Dex: 18    Spells: 1/1 levels left
                                        Lives:  0   Deaths: 0

rFire    . . .     SeeInvis +     - Unarmed
rCold    . . .     Gourm    .   (shield unavailable)
rNeg     . . .     Faith    .   (armour unavailable)
rPois    .         Spirit   .   (helmet unavailable)
rElec    .         Reflect  .   (cloak unavailable)
rCorr    .         Harm     .   (gloves unavailable)
MR       .....                  (boots unavailable)
Stlth    +++.......             (no amulet)
HPRegen  0.04/turn              (no ring)
MPRegen  0.08/turn              (no ring)

@: quick
A: very small, no armour, no weapons or thrown items, stealth, claws 1, fangs 3,
see invisible, carnivore, speed 1, shaggy fur 1, slow metabolism 1, sharp paws
a: no special abilities


You were on level 1 of the Dungeon.
You were not hungry.

You visited 1 branch of the dungeon, and saw 1 of its levels.

You collected 32 gold pieces.

Inventory:

Comestibles
 a - a ration


   Skills:
 + Level 3.2 Fighting
 + Level 4.3 Dodging
 + Level 3.3 Stealth
 + Level 3.2 Unarmed Combat


You had one spell level left.
You didn't know any spells.
Your spell library was empty.

Dungeon Overview and Level Annotations

Branches:
Dungeon (1/15)

Altars:


Innate Abilities, Weirdness & Mutations

You cannot wear armour.
You are incapable of wielding weapons or throwing items.
Your paws allow you to move quietly. (Stealth)
You have sharp claws.
You have razor-sharp teeth.
You have supernaturally acute eyesight. (SInv)
You are carnivorous and can eat meat at any time.
You cover ground quickly.
You are covered in fur. (AC +1)
You have a slow metabolism.
Your sharp claws are effective at attacking unaware monsters.


Message History

The goblin misses you.
You closely miss the goblin.
The jackal barks!
The jackal closely misses you. The goblin barely misses you.
The jackal barks!
You scratch the goblin. You bite the goblin, but do no damage.
The jackal completely misses you. The goblin hits you with a dagger.
The jackal completely misses you.
You take 1 damage, and have 13/14 hp.
You closely miss the goblin. The jackal bites you.
The jackal closely misses you. The goblin closely misses you.
You take 1 damage, and have 12/14 hp.
You scratch the goblin but do no damage.
The jackal completely misses you. The goblin completely misses you.
The jackal completely misses you.
You scratch the goblin but do no damage.
The jackal bites you but does no damage. x2
The jackal bites you. The goblin hits you but does no damage.
The jackal misses you.
You take 2 damage, and have 10/14 hp.
You scratch the jackal. The jackal completely misses you. The jackal bites you.
You take 3 damage, and have 7/14 hp.
MASSIVE DAMAGE!!
It was a potion of heal wounds.
You feel much better. The jackal bites you. The jackal barely misses you.
You regained 5 hp, and now have 12/14 hp.
It was a potion of curing.
You feel better. The jackal completely misses you. The jackal misses you.
The jackal bites you.
You scratch the jackal.
You kill the jackal!
The jackal closely misses you. The jackal barely misses you.
You barely miss the jackal. The jackal closely misses you.
The jackal completely misses you.
You scratch the jackal but do no damage.
The jackal bites you. The jackal closely misses you. The jackal misses you.
The jackal bites you but does no damage.
You take 3 damage, and have 9/14 hp.
MASSIVE DAMAGE!!
You barely miss the jackal. Your bite misses the jackal.
You scratch the jackal.
You kill the jackal!
The jackal closely misses you. The jackal misses you.
You closely miss the jackal. The jackal completely misses you. x2
You scratch the jackal. The jackal barely misses you.
You barely miss the jackal. The jackal bites you.
You take 3 damage, and have 6/14 hp.
MASSIVE DAMAGE!!
You barely miss the jackal. The jackal completely misses you.
The jackal bites you.
* * * LOW HITPOINT WARNING * * *
You take 2 damage, and have 4/14 hp.
You scratch the jackal. The jackal barely misses you.
You claw the jackal!
You kill the jackal!
You scratch the goblin. You bite the goblin, but do no damage.
The goblin hits you but does no damage.
You closely miss the goblin. The goblin hits you but does no damage.
You scratch the goblin.
You kill the goblin!
You start resting.
A jackal comes into view.
You regained 6 hp, and now have 10/14 hp.
You pounce on the helpless jackal from behind!
You claw the jackal!
You kill the jackal!
A jackal comes into view.
Things that are here:
a dagger; a jackal corpse You butcher the jackal corpse.
The jackal bites you.
Things that are here:
a dagger; a chunk of flesh {@w0}; a jackal skeleton You take 2 damage, and have 8/14 hp.
You scratch the jackal. The jackal closely misses you.
A jackal comes into view.
You completely miss the jackal.
The jackal barks!
The jackal bites you.
You take 1 damage, and have 7/14 hp.
You scratch the jackal. The jackal bites you. The jackal closely misses you. x2
The jackal misses you.
You take 1 damage, and have 6/14 hp.
You barely miss the jackal. The jackal closely misses you.
The jackal bites you.
* * * LOW HITPOINT WARNING * * *
You take 2 damage, and have 4/14 hp.
You aren't carrying any potions.
As you read the scroll labeled ETIUNE ONLIO, it crumbles to dust.
It is a scroll of enchant weapon.
The dagger glows red for a moment.
The jackal bites you.
* * * LOW HITPOINT WARNING * * *
The jackal misses you.
You take 2 damage, and have 2/14 hp.
As you read the scroll labeled SUNWYUJESI, it crumbles to dust.
You hear a loud clanging noise!
It was a scroll of noise.
The jackal completely misses you. The jackal closely misses you.
The jackal completely misses you. The jackal barely misses you.
The jackal bites you.
You die...

##..........
....#.#..###
.#........#
#...#.#..#
#........#
#..##....#
########........#
#.....###.....#.###
#.@...###.##..#....
#.hh..).#.##.......
#.....#†...........
#.....#.#.....#.###
#######.......#.#
#...#..##.#
#...#..##.#
#...#..##.#
#(..#..##.###


You could see 2 jackals.

Vanquished Creatures
  2 dart slugs (D:1)
  2 bats (D:1)
  A giant cockroach (D:1)
  3 goblins (D:1)
  4 jackals (D:1)
  A kobold (D:1)
  A frilled lizard (D:1)
  A rat (D:1)
15 creatures vanquished.

Notes
Turn   | Place    | Note
-------+----------+-------------------------------------------
     0 | D:1      | mhoghedin the Felid Monk began the quest for the Orb.
     0 | D:1      | Reached XP level 1. HP: 10/10 MP: 2/2
   157 | D:1      | Reached skill level 3 in Stealth
   187 | D:1      | Reached XP level 2. HP: 13/14 MP: 3/3
   489 | D:1      | HP: 2/14 [jackal (2)]
   496 | D:1      | Slain by a jackal

Vault maps used:
D:1:      minmay_arrival_nine_rooms, serial_glass, glass_columns_a,
          glass_columns_a, due_unseen_surprise, minmay_strange_pillars,
          minmay_strange_pillars

Skill      XL: |  1 |
---------------+----+-----
Stealth        | 3 |  3.3
Fighting       | |  3.2
Dodging        | |  4.3
Unarmed Combat | |  3.2

Action                   || total
-------------------------++-------
Melee: Unarmed           ||    55
       Bite              ||     5
  Use: Scroll            ||     2
       Potion            ||     2
 Stab: Sleeping          ||     2
       Distracted        ||     1
Armor: Skin              ||     3
Dodge: Dodged            ||    67

Table legend:
 A = Non-vault XP
 B = Vault XP
 C = Vault XP percentage of total XP
 D = Non-vault monster count
 E = Vault monster count
 F = Vault count percentage of total count
                 A         B        C        D         E       F
            +---------+---------+-------+---------+---------+-------
      Total |      32 |       0 |   0.0 |      15 |       0 |   0.0
            +---------+---------+-------+---------+---------+-------
        D:1 |      32 |       0 |   0.0 |      15 |       0 |   0.0
            +---------+---------+-------+---------+---------+-------

Vault maps used:
D:1:      minmay_arrival_nine_rooms, serial_glass, glass_columns_a,
          glass_columns_a, due_unseen_surprise, minmay_strange_pillars,
          minmay_strange_pillars

Table legend:
 A = Turns spent in this place as a percentage of turns spent in the entire game.
 B = Non-inter-level travel turns spent in this place as a percentage of non-inter-level travel turns spent in the entire game.
 C = Inter-level travel turns spent in this place as a percentage of turns spent in this place.
 D = Turns resting spent in this place as a percentage of non-inter-level travel turns spent in this place.
 E = Turns spent auto-exploring this place as a percentage of non-inter-level travel turns spent in this place.
 F = Non-inter-level travel turns spent in this place divided by the number of levels of this place that you've seen.
                   A       B       C       D       E      F
               +-------+-------+-------+-------+-------+----------------------
         Total | 100.0 | 100.0 |   0.0 |  28.0 |  47.2 | 496.0
       Dungeon | 100.0 | 100.0 |   0.0 |  28.0 |  47.2 | 496.0
               +-------+-------+-------+-------+-------+----------------------

Table legend:
 A = Kills in this place as a percentage of kills in entire the game.
 B = Kills by you in this place as a percentage of kills by you in the entire game.
 C = Kills by friends in this place as a percentage of kills by friends in the entire game.
 D = Other kills in this place as a percentage of other kills in the entire game.
 E = Experience gained in this place as a percentage of experience gained in the entire game.
 F = Experience gained in this place divided by the number of levels of this place that you have seen.
                   A       B       C       D       E      F
               +-------+-------+-------+-------+-------+----------------------
         Total | 100.0 | 100.0 |   N/A |   N/A | 100.0 |  32.0
       Dungeon | 100.0 | 100.0 |   N/A |   N/A | 100.0 |  32.0
               +-------+-------+-------+-------+-------+----------------------
